 Dungeon Crawl Stone Soup version 0.29.1-4-g47bece8355 (webtiles) character file.

Game seed: 16114813075873662676

429 Joey1 the Trooper (level 6, -11/58 HPs)
             Began as a Minotaur Fighter on Dec 9, 2022.
             Mangled by a gnoll
             ... wielding a +0 whip of distortion
             ... led by a gnoll bouda
              (15 damage)
             ... on level 5 of the Dungeon.
             The game lasted 00:05:24 (3948 turns).

Joey1 the Trooper (Minotaur Fighter)                Turns: 3948, Time: 00:05:25

Health: -11/58     AC: 16    Str: 23    XL:     6   Next: 66%
Magic:  5/5        EV:  6    Int:  5    God:
Gold:   242        SH:  4    Dex:  9    Spells: 5/5 levels left

rFire   . . .      SeeInvis .   a - +0 war axe
rCold   . . .      Faith    .   c - +0 buckler
rNeg    . . .      Spirit   .   v - +0 plate armour
rPois   .          Reflect  .   (helmet restricted)
rElec   .          Harm     .   (no cloak)
rCorr   .          Rampage  .   s - +2 pair of gloves
Will    .....                   l - +0 pair of boots
Stlth   ..........              (no amulet)
HPRegen 0.00/turn               (no ring)
MPRegen 0.09/turn               (no ring)

@: sick
A: horns 2, retaliatory headbutt
a: no special abilities


You were on level 5 of the Dungeon.
You visited 1 branch of the dungeon, and saw 5 of its levels.
You visited the Abyss 1 time.

You collected 262 gold pieces.
You spent 20 gold pieces at shops.

Inventory:

Hand Weapons
 a - a +0 war axe (weapon)
Missiles
 q - a throwing net (quivered)
 w - 4 javelins
Armour
 b - a +0 scale mail
 c - a +0 buckler (worn)
 l - a +0 pair of boots (worn)
 m - a +0 chain mail
 s - a +2 pair of gloves (worn)
 v - a +0 plate armour (worn)
Wands
 x - a wand of polymorph (12)
Scrolls
 e - 2 scrolls of immolation
 g - a scroll of magic mapping {unknown}
 h - a scroll of summoning {unknown}
 i - a scroll of enchant weapon {unknown}
 o - a scroll of teleportation {unknown}
 r - a scroll of enchant armour {unknown}
 t - a scroll of amnesia {unknown}
 y - a scroll of silence {unknown}
Potions
 d - 2 potions of might
 f - a potion of degeneration
 j - 3 potions of cancellation
 k - 2 potions of haste
 n - 3 potions of attraction
 p - a potion of invisibility
 u - a potion of flight


   Skills:
 + Level 6.4 Fighting
 - Level 6.0 Axes
 - Level 4.0 Armour
 - Level 2.0 Dodging
 - Level 4.0 Shields


You had 5 spell levels left.
You didn't know any spells.
Your spell library contained the following spells:

 Spells                   Type           Power      Damage    Failure   Level
 Dazzling Flash           Conj/Hex       0%         N/A       100%        3
 Agony                    Necr           0%         N/A       100%        5
 Silence                  Hex/Air        0%         N/A       100%        5
 Dispersal                Tloc           0%         N/A       100%        6
 Borgnjor's Revivificati  Necr           0%         N/A       100%        8
 Disjunction              Tloc           0%         N/A       100%        8
 Necromutation            Tmut/Necr      0%         N/A       100%        8
 Death's Door             Necr           0%         N/A       100%        9


Dungeon Overview and Level Annotations

Branches:
Dungeon (5/15)
 Temple: D:4-7

Altars:

Shops:
D:4 *


Innate Abilities, Weirdness & Mutations

You have a pair of horns on your head.
You reflexively headbutt those who attack you in melee.


Message History

You block the ancient zyme's attack.
The ancient zyme hits you but does no damage.
You barely miss the ancient zyme. You headbutt the ancient zyme!
The ancient zyme is almost destroyed.
The ancient zyme hits you. x2
You barely miss the ancient zyme.
The ancient zyme is almost destroyed.
The ancient zyme hits you.
The ancient zyme hits you but does no damage.
You hit the ancient zyme.
The ancient zyme is almost destroyed.
The ancient zyme barely misses you.
The ancient zyme hits you but does no damage.
You feel ill.
You slash the ancient zyme!
You destroy the ancient zyme!
Training target 6.0 for Fighting reached!
Your Fighting skill increases to level 6!
You need to enable at least one skill for training.
Training target 6.0 for Axes reached!
Your Axes skill increases to level 6!
You need to enable at least one skill for training.
You have reached level 6!
The substance of the Abyss twists violently, and a gateway leading out appears!
There is a gateway leading out of the Abyss here.
You pass through the gate.
Welcome back to the Dungeon!
You block the gnoll's attack. The gnoll hits you but does no damage.
Space warps horribly around you!
* * * LOW HITPOINT WARNING * * *
The gnoll hits you but does no damage. The gnoll attacks as you move away!
The gnoll barely misses you. The gnoll hits you but does no damage.
The gnoll bouda barks out a call to the hunt!
The gnolls pick up the pace!
There is a broken door here.
The gnoll attacks as you move away!
The gnoll hits you with a +0 whip of distortion.
* * * LOW HITPOINT WARNING * * *
Space warps horribly around you!
You die...

#.# .....
#.# .....
#.# .....##
#.# .......
#.#
......!.##.#
.......gg.<#
.......###.#
.......@gg.#
.......##g.#
####.#. #..#
# #. #..# #.
#..# .. ...#
.. .### ..#.
#.


You could see a gnoll bouda and 2 gnolls.

Vanquished Creatures
  An ancient zyme (Abyss:1)
  An orc wizard (D:3)
  7 gnolls
  An adder (D:4)
  A white imp (Abyss:1)
  An ufetubus (D:4)
  2 worms
  2 dart slugs (D:4)
  11 orcs
  7 endoplasms
  A giant cockroach (D:3)
  6 goblins
  5 hobgoblins
  2 jackals (D:1)
  5 kobolds
  3 quokkas
  9 ball pythons
  5 bats
  2 frilled lizards
  A rat (D:3)
73 creatures vanquished.

Notes
Turn   | Place    | Note
-------+----------+-------------------------------------------
     0 | D:1      | Joey1 the Minotaur Fighter began the quest for the Orb.
     0 | D:1      | Reached XP level 1. HP: 19/19 MP: 0/0
   198 | D:1      | Reached XP level 2. HP: 24/27 MP: 1/1
   680 | D:1      | Reached skill level 1 in Dodging
  1179 | D:2      | Found a faded altar of an unknown god.
  1221 | D:2      | Reached XP level 3. HP: 29/33 MP: 2/2
  2432 | D:3      | Reached XP level 4. HP: 32/41 MP: 3/3
  2724 | D:3      | Reached XP level 5. HP: 47/47 MP: 4/4
  3029 | D:4      | Reached skill level 5 in Fighting
  3496 | D:4      | Found Iistir's Incredible Inventory.
  3502 | D:4      | Bought a scroll of identify for 20 gold pieces
  3738 | D:5      | Entered Level 5 of the Dungeon
  3842 | D:4      | Reached skill level 5 in Axes
  3882 | Abyss:1  | Cast into level 1 of the Abyss (gnoll)
  3905 | Abyss:1  | Found a bloodstained altar of Trog.
  3926 | Abyss:1  | Noticed an ancient zyme
  3942 | Abyss:1  | Killed an ancient zyme
  3943 | Abyss:1  | Reached XP level 6. HP: 21/58 MP: 5/5
  3945 | D:5      | Escaped the Abyss
  3948 | D:5      | Mangled by a gnoll

Illustrated notes

Levels and vault maps discovered:
D:1:      dpeg_arrival_castle, layout_basic
D:2:      layout_basic, ebering_ecumenical_altar_hall, serial_forest,
          infiniplex_forest_lined_ring, infiniplex_forest_clump_curved,
          infiniplex_forest_clump_small, infiniplex_forest_lined_corner,
          infiniplex_forest_lined_room_2, infiniplex_forest_end_2,
          infiniplex_forest_lined_corner, infiniplex_forest_end_3,
          hangedman_decor_push, st_stairs_3
D:3:      layout_loops_ring
D:4:      layout_cave_pods, nicolae_alphabet_shops
D:5:      layout_basic, nicolae_qazlal_style_of_elements,
          minmay_temple_entry_mini_moons

Skill      XL: |  1  2  3  4  5 |
---------------+----------------+-----
Dodging        | 1 2 |  2.0
Fighting       | 4 6 |  6.4
Shields        | 4 |  4.0
Armour         | 4 |  4.0
Axes           | 3 4 6 |  6.0

Action                   |  1- 3 |  4- 6 || total
-------------------------+-------+-------++-------
Melee: War axe           |    97 |    69 ||   166
       Headbutt          |     7 |    12 ||    19
  Use: Scroll            |       |     7 ||     7
Armor: Scale mail        |    10 |       ||    10
       Chain mail        |    32 |     9 ||    41
       Plate armour      |       |    38 ||    38
Dodge: Dodged            |    36 |    35 ||    71
Block: Buckler           |    20 |    19 ||    39
